[ AOE2 MATCH · #465573465 ]
UnrankedPersians vs Persians
[ REPLAY ANALYSIS · EXTRACTED FROM THE RECORDED GAME ]
Feudal
11:37
Castle
—
Imperial
—
| APM avg | 45.3 |
| APM peak | 68 |
| eAPM avg | 20.8 |
| Villagers / military | 41 / 7 |
Focus
⚔️ 18.7% · 🌾 81.3%
Scout Cavalry ×7 · Fishing Ship ×2
Feudal
12:39
Castle
—
Imperial
—
| APM avg | 24.1 |
| APM peak | 68 |
| eAPM avg | 10.9 |
| Villagers / military | 26 / 0 |
Focus
⚔️ 14.8% · 🌾 85.2%
Fishing Ship ×7
Feudal
13:35
Castle
—
Imperial
—
| APM avg | 29.9 |
| APM peak | 47 |
| eAPM avg | 13.5 |
| Villagers / military | 24 / 4 |
Focus
⚔️ 15.6% · 🌾 84.4%
Fishing Ship ×4 · Scout Cavalry ×4
Feudal
—
Castle
—
Imperial
—
| APM avg | 34.3 |
| APM peak | 74 |
| eAPM avg | 11.5 |
| Villagers / military | 23 / 0 |
Focus
⚔️ 8.3% · 🌾 91.7%
Fishing Ship ×5
Feudal
13:21
Castle
—
Imperial
—
| APM avg | 19.6 |
| APM peak | 47 |
| eAPM avg | 8.4 |
| Villagers / military | 24 / 0 |
Focus
⚔️ 24.0% · 🌾 76.0%
Fishing Ship ×11 · Unknown (2626) ×4
Feudal
13:57
Castle
—
Imperial
—
| APM avg | 23.0 |
| APM peak | 37 |
| eAPM avg | 12.4 |
| Villagers / military | 27 / 0 |
Focus
⚔️ 14.8% · 🌾 85.2%
Fishing Ship ×8
Feudal
13:24
Castle
—
Imperial
—
| APM avg | 35.6 |
| APM peak | 69 |
| eAPM avg | 12.8 |
| Villagers / military | 22 / 0 |
Focus
⚔️ 13.2% · 🌾 86.8%
Fishing Ship ×6
Feudal
13:30
Castle
—
Imperial
—
| APM avg | 40.6 |
| APM peak | 102 |
| eAPM avg | 13.1 |
| Villagers / military | 24 / 0 |
Focus
⚔️ 29.6% · 🌾 70.4%
Fishing Ship ×7
Match map
Initial resources + every placement click. Lines = walls · curves = elevation contours. ◆ gold · ⬟ stone · ● berries · ✦ relic · ◌ wall gap
Your base· Open — unwalled flank
Papa_konas's base· Open — unwalled flank
holagame's base· Open — unwalled flank
Savitar_pt's base· Open — unwalled flank
darkwwww2015's base· Open — unwalled flank
darkvandar's base· Open — unwalled flank
Euromillions's base· Open — unwalled flank
Brisingr's base· Open — unwalled flank
Smoothed initial terrain · ◌ = detected wall gap · hover for details
Inputs per minute
— dapao - - Papa_konas
Build order — dapao
69 actions detected in the replay
| 0:49 | Build | Dock |
| 1:22 | Build | Town Center |
| 3:23 | Create | Villager (Male) |
| 3:24 | Create | Villager (Male) |
| 3:24 | Create | Villager (Male) |
| 3:24 | Create | Villager (Male) |
| 3:25 | Create | Villager (Male) |
| 3:28 | Create | Villager (Male) |
| 3:34 | Create | Fishing Ship |
| 3:43 | Build | House |
| 4:57 | Create | Villager (Male) |
| 5:05 | Research | Loom |
| 5:24 | Create | Villager (Male) |
| 5:24 | Create | Villager (Male) |
| 5:49 | Create | Villager (Male) |
| 6:14 | Create | Villager (Male) |
| 6:26 | Create | Villager (Male) |
| 6:26 | Create | Villager (Male) |
| 6:34 | Build | House |
| 7:14 | Create | Villager (Male) |
| 7:14 | Create | Villager (Male) |
| 7:17 | Create | Fishing Ship |
| 7:47 | Create | Villager (Male) |
| 7:47 | Create | Villager (Male) |
| 7:53 | Create | Villager (Male) |
| 7:53 | Create | Villager (Male) |
| 8:13 | Create | Villager (Male) |
| 8:28 | Build | Lumber Camp |
| 8:44 | Create | Villager (Male) |
| 8:46 | Build | House |
| 8:52 | Create | Villager (Male) |
| 9:33 | Research | Feudal Age |
| 9:33 | Research | Feudal Age |
| 10:00 | Build | Barracks |
| 10:44 | Build | Mill |
| 10:46 | Create | Villager (Male) |
| 10:54 | Create | Villager (Male) |
| 11:06 | Create | Villager (Male) |
| 11:11 | Create | Villager (Male) |
| 11:22 | Create | Villager (Male) |
| 11:37 | Age | Feudal Age |
| 11:39 | Build | Stable |
| 11:39 | Create | Villager (Male) |
| 11:49 | Create | Villager (Male) |
| 12:04 | Build | House |
| 12:20 | Create | Scout Cavalry |
| 12:20 | Create | Scout Cavalry |
| 12:20 | Create | Scout Cavalry |
| 12:21 | Create | Villager (Male) |
| 12:23 | Create | Villager (Male) |
| 12:30 | Create | Villager (Male) |
| 12:36 | Create | Villager (Male) |
| 12:49 | Build | Mill |
| 12:54 | Create | Villager (Male) |
| 13:05 | Create | Villager (Male) |
| 13:16 | Build | House |
| 13:17 | Create | Villager (Male) |
| 13:36 | Create | Scout Cavalry |
| 13:52 | Create | Villager (Male) |
| 14:21 | Create | Scout Cavalry |
| 14:21 | Create | Scout Cavalry |
| 14:29 | Build | Farm |
| 14:30 | Build | Farm |
| 14:45 | Create | Scout Cavalry |
| 14:46 | Create | Villager (Male) |
| 15:04 | Create | Villager (Male) |
| 15:05 | Build | House |
| 15:13 | Create | Villager (Male) |
| 15:16 | Create | Villager (Male) |
Build order — Papa_konas
58 actions detected in the replay
| 0:53 | Build | Town Center |
| 2:11 | Build | Dock |
| 2:30 | Create | Villager (Male) |
| 2:30 | Create | Villager (Male) |
| 2:30 | Create | Villager (Male) |
| 2:31 | Create | Villager (Male) |
| 2:33 | Create | Villager (Male) |
| 2:36 | Build | House |
| 3:37 | Create | Fishing Ship |
| 3:52 | Build | House |
| 4:01 | Create | Villager (Male) |
| 4:39 | Create | Villager (Male) |
| 4:52 | Create | Fishing Ship |
| 5:08 | Create | Villager (Male) |
| 5:25 | Build | House |
| 5:38 | Create | Fishing Ship |
| 5:41 | Create | Villager (Male) |
| 6:08 | Create | Villager (Male) |
| 6:30 | Create | Fishing Ship |
| 6:31 | Create | Villager (Male) |
| 6:40 | Build | House |
| 6:57 | Create | Villager (Male) |
| 7:01 | Create | Fishing Ship |
| 7:20 | Create | Villager (Male) |
| 7:33 | Create | Villager (Male) |
| 7:35 | Create | Fishing Ship |
| 7:54 | Create | Villager (Male) |
| 7:59 | Build | House |
| 8:06 | Create | Villager (Male) |
| 8:17 | Create | Villager (Male) |
| 8:19 | Create | Fishing Ship |
| 8:29 | Create | Villager (Male) |
| 8:51 | Create | Villager (Male) |
| 9:01 | Build | Lumber Camp |
| 9:16 | Build | House |
| 9:21 | Create | Villager (Male) |
| 10:31 | Build | Mill |
| 10:35 | Research | Feudal Age |
| 10:38 | Create | Villager (Male) |
| 11:03 | Build | Dock |
| 11:27 | Build | House |
| 11:58 | Create | Villager (Male) |
| 12:11 | Build | Lumber Camp |
| 12:17 | Build | Mill |
| 12:39 | Age | Feudal Age |
| 12:44 | Create | Villager (Male) |
| 13:02 | Build | Blacksmith |
| 13:06 | Build | House |
| 13:21 | Build | Palisade Wall |
| 13:49 | Create | Villager (Male) |
| 13:55 | Build | Market |
| 14:12 | Build | House |
| 14:12 | Create | Villager (Male) |
| 14:41 | Create | Villager (Male) |
| 14:45 | Build | Palisade Wall |
| 14:49 | Research | Castle Age |
| 14:56 | Build | Palisade Gate |
| 14:59 | Build | Palisade Wall |
Build order — holagame
55 actions detected in the replay
| 0:57 | Build | Town Center |
| 1:02 | Build | House |
| 2:31 | Build | Dock |
| 2:39 | Create | Villager (Male) |
| 2:40 | Create | Villager (Male) |
| 2:40 | Create | Villager (Male) |
| 2:41 | Create | Villager (Male) |
| 4:07 | Create | Villager (Male) |
| 4:27 | Create | Fishing Ship |
| 4:35 | Create | Villager (Male) |
| 5:09 | Create | Villager (Male) |
| 5:29 | Create | Villager (Male) |
| 5:41 | Build | House |
| 5:42 | Create | Fishing Ship |
| 5:58 | Create | Villager (Male) |
| 6:21 | Create | Villager (Male) |
| 6:35 | Create | Fishing Ship |
| 6:49 | Create | Villager (Male) |
| 7:04 | Build | House |
| 7:05 | Create | Villager (Male) |
| 7:22 | Create | Fishing Ship |
| 7:33 | Create | Villager (Male) |
| 7:54 | Create | Villager (Male) |
| 8:02 | Build | Mill |
| 8:19 | Build | House |
| 8:25 | Create | Villager (Male) |
| 8:40 | Create | Villager (Male) |
| 8:56 | Create | Villager (Male) |
| 9:34 | Create | Villager (Male) |
| 9:58 | Create | Villager (Male) |
| 10:16 | Create | Villager (Male) |
| 10:38 | Research | Loom |
| 10:38 | Research | Loom |
| 11:00 | Research | Feudal Age |
| 11:00 | Research | Feudal Age |
| 12:00 | Build | Barracks |
| 12:09 | Build | Mill |
| 12:11 | Create | Villager (Male) |
| 12:29 | Build | House |
| 13:25 | Build | Lumber Camp |
| 13:35 | Age | Feudal Age |
| 13:36 | Build | Stable |
| 13:41 | Build | Blacksmith |
| 13:42 | Create | Villager (Male) |
| 13:44 | Create | Villager (Male) |
| 14:12 | Research | Double-Bit Axe |
| 14:18 | Build | House |
| 14:19 | Build | House |
| 14:28 | Research | Scale Barding Armor |
| 14:31 | Create | Scout Cavalry |
| 14:34 | Research | Castle Age |
| 14:44 | Create | Villager (Male) |
| 14:53 | Create | Scout Cavalry |
| 15:14 | Create | Scout Cavalry |
| 15:15 | Create | Scout Cavalry |
Build order — Savitar_pt
44 actions detected in the replay
| 1:13 | Build | Town Center |
| 2:48 | Create | Villager (Male) |
| 2:48 | Create | Villager (Male) |
| 2:48 | Create | Villager (Male) |
| 2:50 | Build | House |
| 3:10 | Create | Villager (Male) |
| 3:26 | Build | Dock |
| 4:11 | Create | Fishing Ship |
| 4:18 | Create | Villager (Male) |
| 4:40 | Build | House |
| 4:58 | Create | Villager (Male) |
| 5:34 | Create | Villager (Male) |
| 5:34 | Create | Villager (Male) |
| 5:42 | Create | Fishing Ship |
| 5:59 | Create | Villager (Male) |
| 6:07 | Build | House |
| 6:34 | Create | Villager (Male) |
| 7:01 | Create | Villager (Male) |
| 7:03 | Create | Villager (Male) |
| 7:08 | Create | Fishing Ship |
| 7:31 | Build | House |
| 7:33 | Create | Villager (Male) |
| 7:40 | Create | Villager (Male) |
| 8:11 | Create | Villager (Male) |
| 8:17 | Create | Fishing Ship |
| 8:20 | Create | Villager (Male) |
| 8:25 | Build | House |
| 8:47 | Create | Villager (Male) |
| 9:08 | Build | Mill |
| 9:16 | Build | Mill |
| 9:17 | Create | Villager (Male) |
| 9:24 | Create | Villager (Male) |
| 9:33 | Create | Villager (Male) |
| 9:56 | Create | Fishing Ship |
| 10:09 | Build | House |
| 10:33 | Create | Villager (Male) |
| 10:48 | Build | House |
| 10:55 | Build | Mining Camp |
| 11:10 | Build | Palisade Wall |
| 11:41 | Create | Villager (Male) |
| 11:44 | Create | Villager (Male) |
| 12:04 | Research | Loom |
| 12:09 | Build | Mining Camp |
| 12:43 | Research | Feudal Age |
Build order — darkwwww2015
58 actions detected in the replay
| 0:07 | Build | Dock |
| 0:56 | Build | Town Center |
| 2:53 | Create | Villager (Male) |
| 2:53 | Create | Villager (Male) |
| 2:54 | Create | Villager (Male) |
| 2:54 | Create | Villager (Male) |
| 2:54 | Create | Villager (Male) |
| 3:30 | Create | Fishing Ship |
| 3:59 | Build | House |
| 4:45 | Create | Fishing Ship |
| 4:47 | Create | Villager (Male) |
| 5:09 | Research | Loom |
| 5:18 | Create | Fishing Ship |
| 5:38 | Build | House |
| 5:40 | Create | Villager (Male) |
| 6:04 | Create | Fishing Ship |
| 6:14 | Research | Loom |
| 6:31 | Create | Fishing Ship |
| 6:39 | Create | Villager (Male) |
| 6:42 | Build | House |
| 7:02 | Create | Fishing Ship |
| 7:24 | Create | Villager (Male) |
| 7:47 | Create | Villager (Male) |
| 7:49 | Create | Fishing Ship |
| 8:08 | Create | Villager (Male) |
| 8:28 | Build | Dock |
| 8:36 | Create | Villager (Male) |
| 8:52 | Create | Fishing Ship |
| 9:06 | Create | Villager (Male) |
| 9:23 | Create | Fishing Ship |
| 9:33 | Create | Villager (Male) |
| 10:16 | Create | Villager (Male) |
| 10:18 | Create | Fishing Ship |
| 10:36 | Build | Lumber Camp |
| 10:37 | Create | Villager (Male) |
| 10:56 | Create | Villager (Male) |
| 11:03 | Build | House |
| 11:11 | Research | Feudal Age |
| 11:30 | Build | Mining Camp |
| 11:50 | Create | Villager (Male) |
| 11:57 | Create | Fishing Ship |
| 12:31 | Build | House |
| 12:53 | Create | Villager (Male) |
| 12:53 | Create | Villager (Male) |
| 13:16 | Build | Mill |
| 13:21 | Age | Feudal Age |
| 13:23 | Create | Unit 2626 |
| 13:24 | Create | Unit 2626 |
| 13:29 | Research | Double-Bit Axe |
| 13:30 | Research | Gold Mining |
| 13:34 | Create | Villager (Male) |
| 13:34 | Create | Villager (Male) |
| 13:53 | Create | Unit 2626 |
| 13:54 | Create | Unit 2626 |
| 14:06 | Build | House |
| 15:04 | Create | Villager (Male) |
| 15:05 | Create | Villager (Male) |
| 15:09 | Build | Market |
Build order — darkvandar
53 actions detected in the replay
| 1:38 | Build | Town Center |
| 3:13 | Create | Villager (Male) |
| 3:13 | Create | Villager (Male) |
| 3:13 | Create | Villager (Male) |
| 3:21 | Build | House |
| 3:23 | Create | Villager (Male) |
| 4:20 | Build | Dock |
| 4:47 | Research | Loom |
| 5:02 | Create | Fishing Ship |
| 5:03 | Create | Fishing Ship |
| 5:06 | Build | House |
| 5:52 | Create | Villager (Male) |
| 5:52 | Create | Villager (Male) |
| 5:57 | Create | Fishing Ship |
| 5:57 | Create | Fishing Ship |
| 6:16 | Create | Villager (Male) |
| 6:40 | Create | Villager (Male) |
| 7:07 | Create | Villager (Male) |
| 7:12 | Build | House |
| 7:17 | Create | Villager (Male) |
| 7:38 | Create | Fishing Ship |
| 7:45 | Create | Villager (Male) |
| 7:46 | Create | Villager (Male) |
| 8:14 | Create | Villager (Male) |
| 8:14 | Create | Villager (Male) |
| 8:19 | Create | Fishing Ship |
| 8:19 | Create | Fishing Ship |
| 8:21 | Build | House |
| 8:48 | Create | Villager (Male) |
| 8:48 | Create | Villager (Male) |
| 8:49 | Create | Villager (Male) |
| 9:00 | Build | House |
| 9:06 | Create | Villager (Male) |
| 9:35 | Create | Villager (Male) |
| 9:39 | Create | Villager (Male) |
| 9:44 | Build | Mill |
| 9:52 | Create | Villager (Male) |
| 10:39 | Create | Villager (Male) |
| 10:45 | Create | Fishing Ship |
| 11:01 | Build | Lumber Camp |
| 11:17 | Create | Villager (Male) |
| 11:22 | Build | House |
| 11:48 | Research | Feudal Age |
| 12:42 | Build | House |
| 12:49 | Build | Mining Camp |
| 12:56 | Create | Villager (Male) |
| 12:56 | Create | Villager (Male) |
| 13:57 | Age | Feudal Age |
| 14:01 | Create | Villager (Male) |
| 14:01 | Create | Villager (Male) |
| 14:06 | Build | Blacksmith |
| 14:09 | Build | Market |
| 15:05 | Build | Barracks |
Build order — Euromillions
45 actions detected in the replay
| 0:52 | Build | Dock |
| 1:02 | Build | Town Center |
| 1:41 | Build | House |
| 2:03 | Build | House |
| 2:45 | Create | Villager (Male) |
| 2:45 | Create | Villager (Male) |
| 2:45 | Create | Villager (Male) |
| 2:46 | Create | Villager (Male) |
| 4:15 | Create | Fishing Ship |
| 4:18 | Research | Loom |
| 4:57 | Create | Fishing Ship |
| 5:24 | Create | Fishing Ship |
| 5:32 | Create | Villager (Male) |
| 6:02 | Create | Villager (Male) |
| 6:20 | Create | Villager (Male) |
| 6:34 | Build | House |
| 6:50 | Create | Villager (Male) |
| 6:51 | Create | Villager (Male) |
| 7:07 | Create | Villager (Male) |
| 7:15 | Create | Fishing Ship |
| 8:00 | Create | Villager (Male) |
| 8:01 | Create | Villager (Male) |
| 8:01 | Create | Villager (Male) |
| 8:02 | Create | Villager (Male) |
| 8:08 | Build | House |
| 8:56 | Create | Villager (Male) |
| 9:31 | Create | Fishing Ship |
| 10:07 | Build | Mining Camp |
| 10:19 | Create | Villager (Male) |
| 10:20 | Create | Villager (Male) |
| 10:23 | Build | House |
| 10:44 | Create | Fishing Ship |
| 11:06 | Research | Feudal Age |
| 13:24 | Create | Villager (Male) |
| 13:24 | Age | Feudal Age |
| 13:30 | Build | Mill |
| 13:37 | Build | Blacksmith |
| 13:45 | Create | Villager (Male) |
| 14:01 | Build | Lumber Camp |
| 14:04 | Build | Mining Camp |
| 14:11 | Create | Villager (Male) |
| 14:49 | Create | Villager (Male) |
| 14:54 | Build | House |
| 15:01 | Build | Market |
| 15:03 | Create | Villager (Male) |
Build order — Brisingr
50 actions detected in the replay
| 0:08 | Build | Dock |
| 0:28 | Build | Palisade Wall |
| 1:06 | Build | Town Center |
| 2:59 | Build | House |
| 3:06 | Build | House |
| 3:08 | Create | Villager (Male) |
| 3:09 | Create | Villager (Male) |
| 3:09 | Create | Villager (Male) |
| 3:09 | Create | Villager (Male) |
| 3:35 | Create | Villager (Male) |
| 4:23 | Create | Fishing Ship |
| 4:23 | Create | Fishing Ship |
| 4:42 | Create | Villager (Male) |
| 4:56 | Build | House |
| 5:17 | Create | Fishing Ship |
| 5:36 | Research | Loom |
| 5:53 | Create | Fishing Ship |
| 6:08 | Build | House |
| 6:10 | Create | Villager (Male) |
| 6:32 | Create | Villager (Male) |
| 6:46 | Build | House |
| 7:08 | Create | Villager (Male) |
| 7:21 | Create | Fishing Ship |
| 7:34 | Create | Villager (Male) |
| 7:34 | Create | Villager (Male) |
| 7:44 | Create | Villager (Male) |
| 8:02 | Create | Villager (Male) |
| 8:04 | Create | Villager (Male) |
| 8:18 | Create | Fishing Ship |
| 8:35 | Build | Mill |
| 8:41 | Create | Villager (Male) |
| 8:53 | Create | Villager (Male) |
| 9:15 | Create | Villager (Male) |
| 9:41 | Create | Villager (Male) |
| 9:41 | Create | Villager (Male) |
| 9:41 | Create | Villager (Male) |
| 9:46 | Create | Fishing Ship |
| 10:06 | Create | Villager (Male) |
| 10:08 | Build | House |
| 10:33 | Create | Villager (Male) |
| 11:20 | Research | Feudal Age |
| 11:39 | Build | Mill |
| 13:00 | Build | House |
| 13:30 | Age | Feudal Age |
| 13:32 | Build | Market |
| 13:40 | Build | Blacksmith |
| 13:41 | Create | Villager (Male) |
| 13:41 | Create | Villager (Male) |
| 14:21 | Build | Mining Camp |
| 14:53 | Research | Castle Age |
Match timeline
| 0:07 | darkwwww2015 · first_building Dock |
| 0:08 | Brisingr · first_building Dock |
| 0:28 | Brisingr · wall_segment Palisade Wall x1 |
| 0:49 | dapao · first_building Dock |
| 0:52 | Euromillions · first_building Dock |
| 2:11 | Papa_konas · first_building Dock |
| 2:31 | holagame · first_building Dock |
| 3:26 | Savitar_pt · first_building Dock |
| 4:20 | darkvandar · first_building Dock |
| 10:00 | dapao · first_building Barracks |
| 11:10 | Savitar_pt · wall_segment Palisade Wall x1 |
| 11:37 | dapao · age_up feudal |
| 11:39 | dapao · first_building Stable |
| 12:00 | holagame · first_building Barracks |
| 12:39 | Papa_konas · age_up feudal |
| 13:21 | Papa_konas · wall_segment Palisade Wall x1 |
| 13:21 | darkwwww2015 · age_up feudal |
| 13:24 | Euromillions · age_up feudal |
| 13:30 | Brisingr · age_up feudal |
| 13:35 | holagame · age_up feudal |
| 13:36 | holagame · first_building Stable |
| 13:57 | darkvandar · age_up feudal |
| 14:45 | Papa_konas · wall_segment Palisade Wall x1 |
| 14:58 | Savitar_pt · resign |
| 14:59 | Papa_konas · wall_segment Palisade Wall x1 |
| 15:05 | darkvandar · first_building Barracks |
[ AI ANALYSIS · 1 CREDIT ]
What really happened in this match?
Wolo.gg analyzes every decision: build order, eco, micro, common mistakes by bracket. Personalized analysis on WhatsApp or Discord in 30 seconds.
Civ guide
Persians
Perfil
Jugador #3578523